 Dungeon Crawl Stone Soup version 0.24-a0-498-ge00f04a389 (webtiles) character file.

Game seed: 15707429468932856664

57 Gargoyl the Skirmisher (level 3, -1/31 HPs)
             Began as a Centaur Abyssal Knight on July 14, 2019.
             Was a Follower of Lugonu.
             Slain by a sky beast (5 damage)
             ... on level 2 of the Dungeon.
             The game lasted 00:02:45 (1396 turns).

Gargoyl the Skirmisher (Centaur Abyssal Knight)     Turns: 1396, Time: 00:02:47

Health: -1/31      AC:  9    Str: 14    XL:     3   Next: 73%
Magic:  4/4        EV:  2    Int: 11    God:    Lugonu [*.....]
Gold:   95         SH:  0    Dex:  9    Spells: 2/2 levels left

rFire    . . .     SeeInvis .   a - +1 hand axe
rCold    . . .     Gourm    .   (no shield)
rNeg     . . .     Faith    .   e - +0 plate armour
rPois    .         Spirit   .   (no helmet)
rElec    .         Reflect  .   (no cloak)
rCorr    .         Harm     .   d - +0 pair of gloves
MR       .....                  (no barding)
Stlth    ..........             (no amulet)
HPRegen  0.10/turn              g - ring of flight
MPRegen  0.09/turn              (no ring)

@: hasted, very quick
A: large, hooves 3, deformed body, speed 2, tough skin 3
a: Depart the Abyss, Renounce Religion, Evoke Flight


You were on level 2 of the Dungeon.
You worshipped Lugonu.
Lugonu was aware of your devotion.
You were not hungry.

You visited 1 branch of the dungeon, and saw 2 of its levels.
You visited the Abyss 1 time.

You collected 95 gold pieces.

Inventory:

Hand Weapons
 a - a +1 hand axe (weapon)
Armour
 d - a +0 pair of gloves (worn)
 e - a +0 plate armour (worn)
Jewellery
 g - a ring of flight (left hand)
Scrolls
 f - a scroll of teleportation
Potions
 i - a potion of curing
Comestibles
 b - a chunk of flesh
 c - 6 rations


   Skills:
 + Level 3.5 Fighting
 + Level 2.2 Axes
 * Level 1.9 Armour
 * Level 1.1 Dodging
 * Level 2.4 Invocations


You had 2 spell levels left.
You didn't know any spells.
Your spell library was empty.

Dungeon Overview and Level Annotations

Branches:
Dungeon (2/15)

Altars:


Innate Abilities, Weirdness & Mutations

You have hooves in place of feet.
Armour fits poorly on your strangely shaped body.
You cover ground very quickly.
You have extremely tough skin. (AC +3)


Message History

You hit the sky beast. You kick the sky beast.
The sky beast is heavily wounded.
The sky beast hits you but does no damage.
It was a potion of curing.
You feel better.
The sky beast hits you but does no damage.
It was a potion of haste.
You feel yourself speed up.
The sky beast hits you but does no damage.
You miss the sky beast.
The sky beast is heavily wounded.
The sky beast hits you. The sky beast shocks you.
* * * LOW HITPOINT WARNING * * *
You closely miss the sky beast. You kick the sky beast.
The sky beast is severely wounded.
Your plate armour prevents you from hitting the sky beast.
Your kick misses the sky beast.
The sky beast is severely wounded.
The sky beast hits you.
* * * LOW HITPOINT WARNING * * *
The sky beast shocks you.
You die...

.# .# ####.## ##
..... .. #.#.# #
####.##.#.#.####
.....<.........>
#.##.@Y# #....###
####.# ######'###
#..........#
#..........#######.
#..........'.......
#..........#########
#
#..................#


You could see a sky beast.

Vanquished Creatures
  2 adders (D:2)
  A dart slug (D:1)
  A giant cockroach (D:1)
  7 goblins (D:1)
  8 hobgoblins
  2 jackals (D:2)
  6 kobolds
  3 bats
  7 rats
37 creatures vanquished.

Notes
Turn   | Place    | Note
-------+----------+-------------------------------------------
     0 | Abyss:1  | Gargoyl the Centaur Abyssal Knight began the quest for the
                  | Orb.
     0 | Abyss:1  | Reached XP level 1. HP: 19/19 MP: 2/2
   112 | Abyss:2  | Noticed an efreet
   163 | Abyss:2  | Noticed an apocalypse crab
   164 | Abyss:2  | Noticed a large abomination
   200 | Abyss:2  | Noticed an efreet
   202 | D:1      | Escaped the Abyss
   344 | D:1      | Reached * piety under Lugonu
   404 | D:1      | Reached XP level 2. HP: 26/26 MP: 3/3
   762 | D:1      | Reached skill level 1 in Dodging
   884 | D:1      | Reached XP level 3. HP: 31/31 MP: 4/4
  1374 | D:2      | Noticed a sky beast
  1396 | D:2      | Slain by a sky beast

Levels and vault maps discovered:
D:1:      zelgadis_glass_arrival_small, layout_basic, serial_bayou_pond_d,
          minmay_tetromino_o4
D:2:      layout_basic, old_standard_altar, first_ration,
          uniq_crazy_yiuf_cottage

Skill      XL: |  1  2 |
---------------+-------+-----
Dodging        | 1 |  1.1
Axes           | 2 |  2.2
Fighting       | |  3.5
Armour         | |  1.9
Invocations    | |  2.4

Action                   || total
-------------------------++-------
Melee: Hand axe          ||   109
       Kick              ||    22
Invok: Depart the Abyss  ||     1
  Use: Scroll            ||     3
       Potion            ||     2
  Eat: Chunk             ||     1
Armor: Plate armour      ||    95
Dodge: Dodged            ||     7

Table legend:
 A = Non-vault XP
 B = Vault XP
 C = Vault XP percentage of total XP
 D = Non-vault monster count
 E = Vault monster count
 F = Vault count percentage of total count
                 A         B        C        D         E       F
            +---------+---------+-------+---------+---------+-------
      Total |      80 |       2 |   2.4 |      35 |       2 |   5.4
            +---------+---------+-------+---------+---------+-------
        D:1 |      44 |       2 |   4.3 |      27 |       2 |   6.9
        D:2 |      36 |       0 |   0.0 |       8 |       0 |   0.0
            +---------+---------+-------+---------+---------+-------
